 Dungeon Crawl Stone Soup version 0.20.0-1-g1cb1d84 (webtiles) character file.

10178 Zotango the Carver (level 11, -6/89 HPs)
             Began as a Formicid Fighter on May 26, 2017.
             Was a Believer of Makhleb.
             Mangled by a cyan very ugly thing (18 damage)
             ... on level 11 of the Dungeon.
             The game lasted 00:19:36 (10778 turns).

Zotango the Carver (Formicid Fighter)              Turns: 10778, Time: 00:19:37

Health: -6/89      AC: 17    Str: 23    XL:     11   Next: 88%
Magic:  15/15      EV:  7    Int:  9    God:    Makhleb [**....]
Gold:   651        SH: 12    Dex: 10    Spells: 10/10 levels left

rFire    + . .     SeeInvis +   B - +5 scimitar (flame)
rCold    . . .     Gourm    .   c - +0 shield
rNeg     . . .     Faith    .   k - +1 plate armour {rF+}
rPois    .         Spirit   .   (helmet unavailable)
rElec    .         Reflect  .   (no cloak)
rCorr    .         Harm     .   o - +0 pair of gloves
MR       +....                  m - +0 pair of boots
Stlth    ..........             (no amulet)
Regen    0.3/turn               A - ring of stealth
MPRegen  0.2/turn               (no ring)

@: no status effects
A: permanent stasis, dig shafts and tunnels, four strong arms, antennae 3
a: Dig, Shaft Self, Minor Destruction, Renounce Religion


You were on level 11 of the Dungeon.
You worshipped Makhleb.
Makhleb was pleased with you.
You were not hungry.

You visited 2 branches of the dungeon, and saw 12 of its levels.

You collected 651 gold pieces.

Inventory:

Hand Weapons
 w - a +0 arbalest
 B - a +5 scimitar of flaming (weapon)
 E - a cursed +0 great sword of venom
Armour
 c - a +0 shield (worn)
 k - a +1 plate armour of fire resistance (worn)
 m - a +0 pair of boots (worn)
 o - a +0 pair of gloves (worn)
 F - a +0 chain mail
Jewellery
 A - a ring of stealth (left hand)
Wands
 q - a wand of random effects (0/48)
 C - a wand of enslavement (7/24)
Scrolls
 a - a scroll of immolation
 d - 2 scrolls of noise
 g - a scroll of enchant weapon
 r - 2 scrolls of magic mapping
 t - a scroll of amnesia
 u - 5 scrolls of remove curse
 v - a scroll of fear
Potions
 e - 2 potions of flight
 l - 2 potions of mutation
 z - a potion of brilliance
 D - a potion of haste
Books
 s - a book of Misfortune

   Spells                             Type                      Level
   a - Confusing Touch                Hexes                        1
   b - Confuse                        Hexes                        3
   c - Gell's Gravitas                Translocation                3
   d - Petrify                        Transmutation/Earth          4
   e - Metabolic Englaciation         Hexes/Ice                    5
   f - Yara's Violent Unravelling     Hexes/Transmutation          5
 x - a book of Frost

   Spells                             Type                      Level
   a - Freeze                         Ice                          1
   b - Throw Frost                    Conjuration/Ice              2
   c - Ozocubu's Armour               Charms/Ice                   3
   d - Throw Icicle                   Conjuration/Ice              4
   e - Summon Ice Beast               Ice/Summoning                4
 y - a book of Geomancy

   Spells                             Type                      Level
   a - Sandblast                      Earth                        1
   b - Passwall                       Transmutation/Earth          2
   c - Stone Arrow                    Conjuration/Earth            3
   d - Petrify                        Transmutation/Earth          4
   e - Lee's Rapid Deconstruction     Earth                        5
Comestibles
 f - 12 bread rations
 h - 6 chunks of flesh
 i - 7 royal jellies
 j - 8 meat rations
 n - 17 fruits


   Skills:
 + Level 9.2 Fighting
 * Level 11.0 Long Blades
 + Level 9.1 Armour
 + Level 10.0 Shields
 + Level 5.6 Invocations


You had 10 spell levels left.
You didn't know any spells.

Dungeon Overview and Level Annotations

Branches:
Dungeon (11/15)            Temple (1/1) D:7
   Lair: D:8-11         Orc: D:9-12

Altars:
Ashenzari
Cheibriados
Dithmenos
Elyvilon
Fedhas
Gozag
Hepliaklqana
Kikubaaqudgha
Makhleb
Nemelex Xobeh
Okawaru
Qazlal
Ru
Sif Muna
Trog
Uskayaw
Vehumet
Xom
Yredelemnul
Zin
The Shining One


Innate Abilities, Weirdness & Mutations

You cannot be hasted, slowed, berserked, paralysed or teleported.
You can dig through walls and to a lower floor.
Your four strong arms can wield two-handed weapons with a shield.
You have a pair of large antennae on your head. (SInv)


Message History

The cyan very ugly thing punches you. The cyan very ugly thing shocks you!!
Okay, then.
Okay, then.
Evoke which item? (* to show all) (? for menu, Esc to quit)
Okay, then.
Evoke which item? (* to show all) (? for menu, Esc to quit)
Aiming: Random Effects (will waste charges)
Press: ? - help, Shift-Dir - straight line, f/p - cyan very ugly thing
Aim: a cyan very ugly thing (lightly wounded)
The cyan very ugly thing seems to speed up.
Evoking this partially-identified wand wasted a few charges.
The cyan very ugly thing punches you. The cyan very ugly thing shocks you!!
You slice the cyan very ugly thing!! You burn the cyan very ugly thing.
The cyan very ugly thing is moderately wounded.
The cyan very ugly thing punches you. The cyan very ugly thing shocks you!!
* * * LOW HITPOINT WARNING * * *
The cyan very ugly thing punches you!
* * * LOW HITPOINT WARNING * * *
The cyan very ugly thing shocks you!!
You die...

#### { {
###≈≈###
##≈)≈≈≈≈#
#..≈##≈≈≈#
#≈.## #u≈#
##≈u## ≈.#
#8.@8# u?#
##.≈## .[#
#.≈## $#
#≈.≈## ##
#≈...##
##≈..≈##
##..≈≈#####
##....≈≈≈##
#≈.......###


You could see a cyan very ugly thing.

Vanquished Creatures
  Erica (D:8)
  The ghost of shitimlost the Cleaver, a novice VSFi of Makhleb (D:8)
  2 wizards (D:11)
  The ghost of sleeves the Fighter, a novice OgMo (D:4)
  2 ugly things
  A centaur skeleton (D:11)
  2 trolls (D:9)
  The ghost of mole0619 the Thaumaturge, a novice DEFE (D:5)
  A merfolk (D:9)
  Grinder (D:3)
  2 hippogriffs
  A wraith (D:10)
  The ghost of shitimlost the Covered, an amateur VSFi of Hepliaklqana (D:3)
  5 yaks (D:9)
  2 hungry ghosts (D:10)
  An acid dragon (D:9)
  2 orc warriors
  An ice beast (D:9)
  A sky beast (D:8)
  A black bear (D:9)
  4 phantoms
  5 ogres
  4 centaurs
  A big kobold (D:8)
  A gnoll sergeant (D:8)
  5 bullfrogs
  A wyvern skeleton (D:9)
  A scorpion (D:9)
  7 wights
  2 howler monkeys
  A bullfrog zombie (D:7)
  3 crimson imps
  2 jellies
  2 bullfrog skeletons
  3 hounds
  3 orc priests
  8 orc wizards
  5 iguanas
  7 worker ants
  Natasha (thrice) (D:2)
  A killer bee zombie (D:10)
  A worker ant zombie (D:9)
  11 adders
  8 gnolls
  A howler monkey skeleton (D:8)
  4 adder skeletons
  8 worms
  3 dart slugs (D:1)
  7 leopard geckos
  26 orcs
  7 giant cockroaches
  13 goblins
  6 hobgoblins
  12 jackals
  7 quokkas
  3 ball pythons
  5 bats
  4 frilled lizards
  A jackal skeleton (D:7)
  17 kobolds
  A leopard gecko skeleton (D:4)
  A quokka skeleton (D:9)
  A quokka zombie (D:5)
  13 rats
259 creatures vanquished.

Notes
Turn   | Place    | Note
-------+----------+-------------------------------------------
     0 | D:1      | Zotango the Formicid Fighter began the quest for the Orb.
     0 | D:1      | Reached XP level 1. HP: 18/18 MP: 1/1
    51 | D:1      | Reached XP level 2. HP: 20/24 MP: 2/2
   303 | D:1      | Reached XP level 3. HP: 26/29 MP: 3/3
  1247 | D:2      | Reached XP level 4. HP: 27/37 MP: 4/4
  1334 | D:2      | Noticed Natasha
  1345 | D:2      | Killed Natasha
  1345 | D:2      | Reached skill level 3 in Long Blades
  1580 | D:2      | Noticed Natasha
  1584 | D:2      | Killed Natasha
  1584 | D:2      | Reached XP level 5. HP: 42/42 MP: 5/5
  1598 | D:2      | Noticed Natasha
  1606 | D:2      | Killed Natasha
  2238 | D:3      | Noticed shitimlost's ghost (amateur VSFi)
  2248 | D:3      | Killed shitimlost's ghost
  2248 | D:3      | Reached skill level 4 in Long Blades
  2248 | D:3      | Reached skill level 5 in Shields
  2248 | D:3      | Reached XP level 6. HP: 49/49 MP: 6/6
  2310 | D:3      | Noticed Grinder
  2331 | D:3      | Killed Grinder
  2331 | D:3      | Reached skill level 5 in Fighting
  2331 | D:3      | Reached XP level 7. HP: 34/56 MP: 7/7
  2608 | D:3      | Found a glowing golden altar of the Shining One.
  2968 | D:4      | Noticed sleeves's ghost (novice OgMo)
  2978 | D:4      | Reached skill level 5 in Armour
  3027 | D:4      | Killed sleeves's ghost
  3027 | D:4      | Reached skill level 5 in Long Blades
  3027 | D:4      | Reached XP level 8. HP: 21/64 MP: 8/8
  3215 | D:4      | Reached skill level 6 in Long Blades
  3972 | D:5      | Entered Level 5 of the Dungeon
  3972 | D:5      | Noticed mole0619's ghost (novice DEFE)
  3989 | D:5      | Killed mole0619's ghost
  3989 | D:5      | Reached XP level 9. HP: 40/69 MP: 9/9
  4257 | D:5      | Reached skill level 7 in Long Blades
  5740 | D:6      | Reached skill level 8 in Long Blades
  6246 | D:7      | Found a staircase to the Ecumenical Temple.
  6287 | D:7      | Noticed a hippogriff
  6323 | D:8      | Killed a hippogriff
  6455 | D:8      | Reached XP level 10. HP: 76/79 MP: 10/10
  7126 | Temple   | Entered the Ecumenical Temple
  7387 | D:8      | Found a hide-covered altar of Uskayaw.
  7387 | D:8      | Found a burning altar of Makhleb.
  7393 | D:8      | Found a sparkling altar of Nemelex Xobeh.
  7395 | D:8      | Found a faded altar of an unknown god.
  7396 | D:8      | Found a hazy altar of Hepliaklqana.
  7411 | D:8      | Became a worshipper of Makhleb the Destroyer
  7447 | D:8      | Noticed shitimlost's ghost (novice VSFi)
  7502 | D:8      | Killed shitimlost's ghost
  7502 | D:8      | Reached skill level 9 in Long Blades
  7502 | D:8      | Reached skill level 1 in Invocations
  7770 | D:8      | Noticed Erica
  7788 | D:8      | Killed Erica
  8430 | D:9      | Reached * piety under Makhleb
  8463 | D:9      | Reached XP level 11. HP: 57/87 MP: 13/13
  8560 | D:9      | Reached skill level 10 in Long Blades
  9274 | D:10     | Entered Level 10 of the Dungeon
  9301 | D:10     | Reached ** piety under Makhleb
 10018 | D:10     | Reached skill level 5 in Invocations
 10258 | D:11     | Noticed a brown ugly thing
 10259 | D:11     | Noticed a brown ugly thing
 10263 | D:11     | Noticed a white ugly thing
 10263 | D:11     | Noticed a white ugly thing
 10263 | D:11     | Noticed a green ugly thing
 10264 | D:11     | Noticed a red ugly thing
 10308 | D:10     | Killed a brown ugly thing
 10610 | D:11     | Killed a white ugly thing
 10628 | D:11     | Noticed a wizard
 10648 | D:11     | Killed a wizard
 10648 | D:11     | Reached skill level 11 in Long Blades
 10748 | D:11     | Noticed a wizard
 10749 | D:11     | Noticed a cyan very ugly thing
 10764 | D:11     | Killed a wizard
 10764 | D:11     | Reached skill level 10 in Shields
 10778 | D:11     | Mangled by a cyan very ugly thing

Skill      XL: |  1  2  3  4  5  6  7  8  9 10 11 |
---------------+----------------------------------+-----
Shields        | 4 5 6 7 9 10 | 10.0
Long Blades    | 3 4 5 6 8 9 11 | 11.0
Fighting       | 4 5 6 7 8 9 |  9.2
Armour         | 4 5 6 7 8 9 |  9.1
Invocations    | 3 5 |  5.6

Action                   |  1- 3 |  4- 6 |  7- 9 | 10-12 || total
-------------------------+-------+-------+-------+-------++-------
Melee: Long sword        |   135 |    87 |   441 |   160 ||   823
       Scimitar          |       |       |       |   242 ||   242
Evoke: Wand              |       |       |     1 |    11 ||    12
  Use: Scroll            |       |     3 |     6 |     7 ||    16
       Potion            |       |     1 |     6 |     8 ||    15
 Stab: Paralysed         |       |       |       |    12 ||    12
  Eat: Chunk             |     1 |     4 |    14 |    17 ||    36
Armor: Scale mail        |    61 |    20 |   139 |    92 ||   312
       Skin              |       |       |    19 |     1 ||    20
       Chain mail        |       |       |       |    18 ||    18
       Plate armour      |       |       |       |     1 ||     1
Dodge: Dodged            |    49 |    23 |   117 |   101 ||   290
Block: Shield            |    75 |    38 |   227 |   198 ||   538
       Rpst.: Long sword |    13 |     9 |    45 |    10 ||    77
       Scimitar          |       |       |       |     9 ||     9
